 Dungeon Sprint DCSS version 0.31.0-12-g77e489cdc1 (webtiles) character file.

Game seed: 7195172784819631550

2307 Heoruswealwe the Cleaver (level 9, -4/93 HPs)
             Began as a Hill Orc Fighter on Feb 14, 2024.
             Was an Initiate of Gozag.
             Slain by a red ugly thing (13 damage)
             ... in the Dungeon (Sprint IX: "|||||||||||||||||||||||||||||").
             The game lasted 00:04:45 (372 turns).

Heoruswealwe the Cleaver (Hill Orc Fighter)          Turns: 372, Time: 00:04:47

Health: -4/93      AC: 14    Str: 26    XL:     9   Next: 41%
Magic:  9/9        EV: 11    Int:  8    God:    Gozag
Gold:   387        SH:  6    Dex: 10    Spells: 8/8 levels left

rFire   . . .        a - +3 war axe (heavy)
rCold   . . .        d - +0 buckler
rNeg    . . .        c - +1 chain mail
rPois   .            g - +0 helmet
rElec   .            (no cloak)
rCorr   .            (no gloves)
SInv    .            (no boots)
Will    .....        (no amulet) Stlth
                     k - +3 ring of strength
HPRegen 0.35/turn    j - +2 ring of evasion
MPRegen 0.11/turn

%: no teleportation
@: gold aura
A: no striking features
a: Renounce Religion, Potion Petition, Call Merchant, Bribe Branch


You were in the Dungeon.
You worshipped Gozag.
Gozag was aware of your devotion.
You visited 1 branch You collected 387 gold pieces.

Inventory:

Hand Weapons
 a - a +3 heavy war axe (weapon)
Armour
 c - a +1 chain mail (worn)
 d - a +0 buckler (worn)
 g - a +0 helmet (worn)
Jewellery
 j - a +2 ring of evasion (right hand)
 k - a +3 ring of strength (left hand)
Wands
 l - a wand of quicksilver (10)
Scrolls
 o - 2 scrolls of blinking
Potions
 b - a potion of might
 e - a potion of invisibility
 h - 4 potions of magic
 i - a potion of berserk rage
 m - a potion of curing


   Skills:
 + Level 13.0 Fighting
 + Level 13.8 Axes
 + Level 12.0 Armour
 + Level 12.0 Shields


You had 8 spell levels left.
You didn't know any spells.
Your spell library was empty.

Dungeon Overview and Level Annotations

Branches:
Dungeon (1/1)

Altars:
Cheibriados
Dithmenos
Elyvilon
Fedhas
Gozag
Hepliaklqana
Kikubaaqudgha
Makhleb
Nemelex Xobeh
Okawaru
Qazlal
Ru
Sif Muna
Trog
Uskayaw
Vehumet
Wu Jian
Xom
Yredelemnul
Zin
The Shining One
Beogh
Jiyva
Lugonu


Message History

The boulder beetle bites you.
You slice the boulder beetle!!
The boulder beetle is heavily wounded.
The centaur is no longer distracted by gold.
The boulder beetle bites you!
You slice the boulder beetle!!
The boulder beetle is almost dead.
The boulder beetle closely misses you.
You slash the boulder beetle!
You kill the boulder beetle!
Your Fighting skill increases to level 13!
Your Armour skill increases to level 12!
Your Shields skill increases to level 12!
Unknown command.
You closely miss the red ugly thing.
The red ugly thing engulfs you but does no damage.
You closely miss the red ugly thing. The red ugly thing engulfs you.
You are engulfed in flames!
* * * LOW HITPOINT WARNING * * *
You block the red ugly thing's attack.
You slash the red ugly thing!
The red ugly thing is lightly wounded.
The red ugly thing misses you.
You hit the red ugly thing.
The red ugly thing is lightly wounded.
The red ugly thing engulfs you but does no damage.
You slash the red ugly thing!
The red ugly thing is heavily wounded.
The red ugly thing engulfs you.
* * * LOW HITPOINT WARNING * * *
You are engulfed in flames!
* * * LOW HITPOINT WARNING * * *
You feel better. The red ugly thing barely misses you.
You barely miss the red ugly thing.
The red ugly thing is heavily wounded.
The red ugly thing engulfs you!
* * * LOW HITPOINT WARNING * * *
You are engulfed in flames!
You die...
Your body crumbles into a pile of gold.

▓.▓
▓.▓
▓.▓
▓.▓
▓{▓
▓c▓
▓u▓
▓@▓
▓.▓
▓.▓
▓.▓
▓.▓
▓.▓
▓)▓
▓.▓
▓.▓


You could see a red ugly thing and a centaur.

Vanquished Creatures
  A boulder beetle (D)
  An arcanist (D)
  A kobold demonologist (D)
  A troll (D)
  A hornet (D)
  A wraith (D)
  A yak (D)
  A scorpion (D)
  A wight (D)
  A howler monkey (D)
  A jelly (D)
  An iguana (D)
  A gnoll (D)
  An adder (D)
  2 quokkas (D)
  A ball python (D)
  2 frilled lizards (D)
19 creatures vanquished.

Notes
Turn   | Place    | Note
-------+----------+-------------------------------------------
     0 | D        | Heoruswealwe the Hill Orc Fighter began the quest for the
                  | Orb.
     0 | D        | Reached XP level 1. HP: 19/19 MP: 1/1
    87 | D        | Noticed a scorpion
    87 | D        | Noticed a jelly
    87 | D        | Noticed an iguana
    91 | D        | Reached XP level 2. HP: 28/28 MP: 2/2
    97 | D        | Reached skill level 5 in Fighting
    97 | D        | Reached skill level 5 in Axes
    97 | D        | Reached XP level 3. HP: 22/36 MP: 3/3
   100 | D        | Reached skill level 5 in Armour
   100 | D        | Reached skill level 5 in Shields
   102 | D        | Reached XP level 4. HP: 25/44 MP: 4/4
   107 | D        | Killed a scorpion
   108 | D        | Reached XP level 5. HP: 36/52 MP: 5/5
   114 | D        | Found a roughly hewn altar of Beogh.
   114 | D        | Found a snail-covered altar of Cheibriados.
   114 | D        | Found a shadowy altar of Dithmenos.
   114 | D        | Found a white marble altar of Elyvilon.
   114 | D        | Found a blossoming altar of Fedhas.
   114 | D        | Found an opulent altar of Gozag.
   115 | D        | Found a hazy altar of Hepliaklqana.
   116 | D        | Found a viscous altar of Jiyva.
   117 | D        | Found an ancient bone altar of Kikubaaqudgha.
   118 | D        | Found a corrupted altar of Lugonu.
   119 | D        | Found a burning altar of Makhleb.
   120 | D        | Found a sparkling altar of Nemelex Xobeh.
   121 | D        | Found an iron altar of Okawaru.
   122 | D        | Became a worshipper of Gozag Ym Sagoz the Greedy
   123 | D        | Found a stormy altar of Qazlal.
   124 | D        | Found a sacrificial altar of Ru.
   125 | D        | Found a shimmering blue altar of Sif Muna.
   126 | D        | Found a bloodstained altar of Trog.
   127 | D        | Found a hide-covered altar of Uskayaw.
   128 | D        | Found a radiant altar of Vehumet.
   129 | D        | Found an ornate altar of the Wu Jian Council.
   130 | D        | Found a shimmering altar of Xom.
   131 | D        | Found a basalt altar of Yredelemnul.
   132 | D        | Found a glowing silver altar of Zin.
   133 | D        | Found a glowing golden altar of the Shining One.
   202 | D        | Noticed a kobold demonologist
   202 | D        | Noticed a yak
   202 | D        | Noticed a hornet
   202 | D        | Noticed a wraith
   213 | D        | Killed a wraith
   214 | D        | Reached XP level 6. HP: 20/62 MP: 6/6
   220 | D        | Paralysed by a hornet for 3 turns
   227 | D        | Killed a yak
   228 | D        | Killed a hornet
   229 | D        | Reached skill level 10 in Fighting
   229 | D        | Reached skill level 10 in Axes
   229 | D        | Reached XP level 7. HP: 38/72 MP: 7/7
   231 | D        | Noticed a chaos spawn
   231 | D        | Killed a kobold demonologist
   232 | D        | Reached skill level 10 in Armour
   232 | D        | Reached skill level 10 in Shields
   232 | D        | Reached XP level 8. HP: 44/81 MP: 8/8
   353 | D        | Noticed a red ugly thing
   353 | D        | Noticed a boulder beetle
   353 | D        | Noticed an arcanist
   353 | D        | Noticed a troll
   357 | D        | Killed a troll
   359 | D        | Killed an arcanist
   360 | D        | Reached XP level 9. HP: 80/91 MP: 9/9
   365 | D        | Killed a boulder beetle
   372 | D        | Slain by a red ugly thing

Illustrated notes

Levels and vault maps discovered:
D:        linesprint [early_d, line_temple, items_1, d_10, items_2, lair_1,
          lair_end, items_3, orc_1, orc_end, items_4, d_15, swamp_1, shoals_1,
          snake_1, spider_1, d_20, vaults_1, items_5, swamp_end, shoals_end,
          snake_end, spider_end, vaults_end, d_27, items_6, zot_1, zot_end,
          crypt_end, forest_end, elf_end, slime_end, tomb_end, abyss_end,
          pan_hell_end]

Skill      XL: |  1  2  3  4  5  6  7  8  9 |
---------------+----------------------------+-----
Axes           | 4 5 7 8 10 11 13 | 13.8
Fighting       | 4 5 6 7 8 10 12 13 | 13.0
Armour         | 4 5 6 7 9 10 11 12 | 12.0
Shields        | 4 5 6 7 9 10 11 12 | 12.0

Action                     |  1- 3 |  4- 6 |  7- 9 || total
---------------------------+-------+-------+-------++-------
  Melee: War axe           |    39 |    23 |    24 ||    86
    Use: Potion            |       |     7 |     1 ||     8
 Armour: Scale mail        |    31 |     4 |       ||    35
         Chain mail        |       |    27 |    17 ||    44
  Dodge: Dodged            |    13 |    15 |     8 ||    36
  Block: Buckler           |     8 |     5 |     7 ||    20
